 Dungeon Crawl Stone Soup version 0.24-a0-397-g73b976d855 (webtiles) character file.

Game seed: 11405672167331694226

235186 nikopol the Sorcerer (level 18, -26/92 HPs)
             Began as a Deep Elf Fire Elementalist on May 29, 2019.
             Was a High Priest of Vehumet.
             Killed from afar by Bai Suzhen (41 damage)
             ... with a torrent of water
             ... on level 2 of the Vaults on June 4, 2019.
             The game lasted 02:39:16 (39951 turns).

nikopol the Sorcerer (Deep Elf Fire Elementalist)  Turns: 39951, Time: 02:39:16

Health: -26/92     AC: 11    Str:  5    XL:     18   Next: 90%
Magic:  17/69      EV: 16    Int: 29    God:    Vehumet [*****.]
Gold:   775        SH:  6    Dex: 15    Spells: 12/60 levels left

rFire    + . .     SeeInvis .   K - staff of power
rCold    + . .     Gourm    +   h - +1 buckler
rNeg     + . .     Faith    .   N - +2 robe {MR+}
rPois    +         Spirit   .   X - -2 hat of the Alchemist {rElec rPois rF+ rC+ rN+ MR+ rMut rCorr}
rElec    +         Reflect  .   (no cloak)
rCorr    +         Harm     .   (no gloves)
rMut     +                      s - +0 pair of boots
MR       +++..                  P - amulet of the gourmand
Stlth    +++.......             Y - ring of Robustness {AC+8}
HPRegen  0.25/turn              t - ring of magical power
MPRegen  0.41/turn

@: about to teleport, studying Shields
A: no striking features
}: 1/15 runes: barnacled
a: Renounce Religion


You were on level 2 of the Vaults.
You worshipped Vehumet.
Vehumet was extremely pleased with you.
You were very full.

You visited 6 branches of the dungeon, and saw 30 of its levels.
You also visited: Ossuary, Bailey, Gauntlet and Ice Cave.

You collected 2575 gold pieces.
You spent 1800 gold pieces at shops.

Inventory:

Armour
 h - a +1 buckler (worn)
 s - a +0 pair of boots (worn)
 N - a +2 robe of magic resistance (worn)
 U - a +2 hat of see invisible
 X - the -2 hat of the Alchemist (worn) {rElec rPois rF+ rC+ rN+ MR+ rMut rCorr}
   (You found it in a Gauntlet)

   It protects you from fire.
   It protects you from cold.
   It insulates you from electricity.
   It protects you from poison.
   It protects you from negative energy.
   It affects your resistance to hostile enchantments.
   It provides partial protection from all sources of acid and corrosion.
   It protects you from mutation.
Magical Staves
 H - an uncursed staff of energy
 K - an uncursed staff of power (weapon)
Jewellery
 a - the ring "Ohuolec" {rN+ Dex+4 Stlth+}
   (You found it in a Gauntlet)

   [ring of stealth]

   It affects your dexterity (+4).
   It protects you from negative energy.
   It makes you more stealthy.
 t - a ring of magical power (right hand)
 P - an amulet of the gourmand (around neck)
 T - an uncursed ring of wizardry
 Y - the ring of Robustness (left hand) {AC+8}
   (You found it in a Gauntlet)

   [ring of protection]

   It affects your AC (+8).
Wands
 f - a wand of enslavement (15)
 g - a wand of flame (11)
 p - a wand of iceblast (26)
 q - a wand of paralysis (12)
 A - a wand of polymorph (7)
 Q - a wand of disintegration (13)
 S - a wand of digging (5)
Scrolls
 j - 10 scrolls of teleportation
 o - 9 scrolls of amnesia
 r - 9 scrolls of enchant armour
 u - a scroll of acquirement {unknown}
 v - 2 scrolls of enchant weapon
 y - 8 scrolls of remove curse
 B - 2 scrolls of random uselessness {unknown}
 C - 5 scrolls of immolation {unknown}
 D - 2 scrolls of summoning {unknown}
 F - a scroll of silence {unknown}
 J - 5 scrolls of identify
 M - 5 scrolls of blinking {unknown}
 R - 2 scrolls of fear
 V - a scroll of fog {unknown}
Potions
 b - 7 potions of brilliance
 d - 6 potions of flight
 e - 6 potions of agility
 i - 5 potions of lignification
 k - a potion of heal wounds
 l - 13 potions of curing
 m - 7 potions of haste
 n - 5 potions of might
 w - a potion of resistance {unknown}
 x - 5 potions of cancellation
 z - 3 potions of magic
 E - a potion of ambrosia
 I - 2 potions of mutation
 W - 3 potions of berserk rage
Books
 L - a manual of Shields
Miscellaneous
 O - a fan of gales
Comestibles
 c - 31 rations
 G - 2 chunks of flesh


   Skills:
 + Level 3.0 Fighting
 + Level 6.8 Armour
 + Level 6.9 Dodging
 + Level 6.3 Stealth
 + Level 5.2 Shields
 + Level 21.9 Spellcasting
 + Level 16.8 Conjurations
 + Level 1.5 Translocations
 + Level 17.8 Fire Magic
 + Level 3.5 Earth Magic
 + Level 6.2 Evocations


You had 12 spell levels left.
You knew the following spells:

 Your Spells              Type           Power        Failure   Level  Hunger
a - Flame Tongue          Conj/Fire      #####        0%          1    None
b - Throw Flame           Conj/Fire      ######       0%          2    None
c - Conjure Flame         Conj/Fire      #######.     0%          3    None
d - Sticky Flame          Conj/Fire      #######.     0%          4    None
e - Fireball              Conj/Fire      #######...   1%          5    None
f - Iron Shot             Conj/Erth      ######....   1%          6    None
g - Bolt of Magma         Conj/Fire/Erth #######...   1%          5    None
h - Bolt of Fire          Conj/Fire      #######...   1%          6    None
i - Ignition              Fire           #######...   1%          8    #####..
j - Bolt of Cold          Conj/Ice       ######....   1%          6    None
k - Blink                 Tloc           N/A          1%          2    None

Your spell library contained the following spells:

 Spells                   Type           Power        Failure   Level  Hunger
 Lehudib's Crystal Spear  Conj/Erth      ######....   28%         8    #####..
 Glaciate                 Conj/Ice       ######....   100%        9    ######.
 Tornado                  Air            ####......   100%        9    ######.
 Magic Dart               Conj           ####         0%          1    None
 Searing Ray              Conj           ######       0%          2    None
 Iskenderun's Mystic Bla  Conj           #######.     0%          4    None
 Animate Skeleton         Necr           N/A          1%          1    None
 Pain                     Necr           ####         1%          1    None
 Sandblast                Erth           ######       1%          1    None
 Summon Small Mammal      Summ           ####         1%          1    None
 Call Imp                 Summ           ####....     1%          2    None
 Passwall                 Tmut/Erth      #####...     1%          2    None
 Shroud of Golubria       Chrm/Tloc      #####.....   1%          2    None
 Slow                     Hex            ####....     1%          2    None
 Dazzling Spray           Conj/Hex       ######       1%          3    None
 Gell's Gravitas          Tloc           #####.....   1%          3    None
 Ignite Poison            Fire/Tmut/Pois ######..     1%          3    None
 Inner Flame              Hex/Fire       ######..     1%          3    None
 Lesser Beckoning         Tloc           #####.....   1%          3    None
 Mephitic Cloud           Conj/Pois/Air  ######..     1%          3    None
 Stone Arrow              Conj/Erth      ######       1%          3    None
 Teleport Other           Tloc           #####...     1%          3    None
 Force Lance              Conj/Tloc      ######..     1%          4    None
 Fulminant Prism          Conj/Hex       ######....   1%          4    None
 Iskenderun's Battlesphe  Conj/Chrm      ######..     1%          5    None
 Lee's Rapid Deconstruct  Erth           ######....   1%          5    None
 Venom Bolt               Conj/Pois      ######....   1%          5    None
 Orb of Destruction       Conj           #######...   1%          7    ###....
 Call Canine Familiar     Summ           ####....     3%          3    None
 Regeneration             Chrm/Necr      ####......   3%          3    None
 Summon Guardian Golem    Hex/Summ       ####....     3%          3    None
 Vampiric Draining        Necr           ####......   3%          3    None
 Petrify                  Tmut/Erth      #####...     5%          4    None
 Passage of Golubria      Tloc           N/A          6%          4    None
 Spellforged Servitor     Conj/Summ      ######....   8%          7    ###....
 Yara's Violent Unravell  Hex/Tmut       ####......   9%          5    None
 Animate Dead             Necr           N/A          11%         4    None
 Cause Fear               Hex            ####......   11%         4    None
 Summon Ice Beast         Ice/Summ       ####....     11%         4    None
 Summon Lightning Spire   Summ/Air       ####....     11%         4    None
 Ring of Flames           Chrm/Fire      ######....   24%         7    ###....
 Silence                  Hex/Air        ####......   30%         5    None
 Deflect Missiles         Chrm/Air       ####......   86%         6    None
 Discord                  Hex            ####......   100%        8    #####..


Dungeon Overview and Level Annotations

Branches:
Dungeon (15/15)            Temple (1/1) D:7            Lair (6/6) D:8
 Shoals (4/4) Lair:4       Spider (0/4) Lair:3        Slime (0/5) Lair:5
    Orc (2/2) D:12            Elf (0/3) Orc:2        Vaults (2/5) D:14
 Depths (0/5) D:15
  Crypt: Vaults:2-3

Altars:
Ashenzari
Dithmenos
Elyvilon
Fedhas
Gozag
Hepliaklqana
Kikubaaqudgha
Makhleb
Nemelex Xobeh
Okawaru
Qazlal
Vehumet
Wu Jian
Xom
Yredelemnul
Beogh
Jiyva

Shops:
D:11 !   D:14 *   D:15 *(   Orc:2 (:(!

Annotations:
D:11 1 runed translucent door, 2 transporters, conein's ghost, journeyman DEIE
Lair:3 3 runed translucent doors, Xol Empe's ghost, journeyman DsFi
Lair:5 1 runed translucent door
Shoals:1 3 runed translucent doors, Qupu's ghost, journeyman TeSu
Orc:2 1 runed translucent door, PeterLawrence's ghost, journeyman MiFi
Vaults:2 Bai Suzhen


Message History

* * * LOW HITPOINT WARNING * * *
Bai Suzhen barely misses you. Bai Suzhen misses you.
You feel much better.
Bai Suzhen grumbles, "Damn that jealous turtle monk."
Bai Suzhen bites you!
* * * LOW HITPOINT WARNING * * *
Bai Suzhen claws you but does no damage.
Bai Suzhen completely misses you.
Lightning arcs down from a storm cloud!
As you read the scroll of teleportation, it crumbles to dust.
You feel strangely unstable.
You are standing in a thunderstorm.
You are struck by lightning!
You resist.
* * * LOW HITPOINT WARNING * * *
You hear a shout!
You hear two shouts!
You hear a shout! x2
An ogre mage comes into view. It is wielding a +0 spear.
Bai Suzhen bites you.
* * * LOW HITPOINT WARNING * * *
Bai Suzhen barely misses you. Bai Suzhen misses you.
Bai Suzhen breathes water at you. The torrent of water hits you!!!
You die...

#..........#
#........O.#
#......O...#
#........O.#
#....§§....#
#....).O...#
##§# ###D§#
###@§§§# #
###..##..##..
#.)))####...
###).##..##..#
###(...# #..
###..##..##..##
###
#....####...
#(.
###..##..##..
#(. ###....# #
#(.


You could see Bai Suzhen.

Vanquished Creatures
  Saint Roka (Vaults:1)
  A kraken (Shoals:2)
  Kirke (Lair:6)
  Gastronok (Orc:1)
  Ilsuiw (Shoals:2)
  An orc warlord (Bailey)
  A vault warden (Vaults:1)
  2 ironheart preservers (Vaults:1)
  A minotaur (Gauntlet)
  5 merfolk javelineers
  An ettin (D:14)
  A yaktaur captain (Vaults:1)
  10 merfolk impalers
  Erolcha (Orc:2)
  A vault guard (Vaults:1)
  A fire dragon (Vaults:1)
  4 hydras
  A merfolk avatar (Shoals:4)
  A death knight (Vaults:1)
  5 centaur warriors
  6 two-headed ogres
  Erica (Lair:2)
  2 merfolk aquamancers (Shoals:4)
  2 catoblepae (Lair:6)
  2 deep troll shamans
  5 satyrs
  6 death yaks (Lair:6)
  An ogre mage (D:15)
  A tengu warrior (D:14)
  3 deep elf knights (Vaults:1)
  3 skeletal warriors (D:14)
  2 unseen horrors
  3 wizards
  4 deep trolls (Vaults:1)
  A flayed ghost (Vaults:1)
  10 sea snakes
  A lindwurm (Lair:6)
  31 harpies
  5 orc knights
  3 ironbrand convokers (Vaults:1)
  12 orc sorcerers
  A wolf spider (Vaults:1)
  32 ugly things
  3 deep elf magi
  An oklob plant (Lair:5)
  A moth of wrath (Gauntlet)
  6 cyclopes
  14 fauns
  7 elephants
  A vault sentinel (Vaults:1)
  8 merfolk sirens
  7 manticores
  7 water nymphs
  2 torpor snails
  8 spiny frogs
  A gargoyle (D:10)
  2 freezing wraiths (Vaults:1)
  2 komodo dragons
  11 yaktaurs
  2 rime drakes (Lair:4)
  4 jumping spiders (Lair:3)
  33 merfolk
  7 trolls
  A hornet (Vaults:1)
  3 wind drakes
  10 snapping turtles
  A polar bear (Lair:6)
  12 blink frogs
  14 slime creatures
  A wind drake (shapeshifter) (D:14)
  3 dream sheep (Shoals:2)
  14 hippogriffs
  A shadow (D:12)
  6 redbacks
  A human (D:7)
  A wraith (D:14)
  35 yaks
  3 wyverns
  7 water elementals
  3 hogs (D:7)
  3 basilisks
  22 wargs
  2 acid dragons
  2 soldier ants (D:12)
  7 water moccasins
  5 porcupines
  2 sky beasts
  32 orc warriors
  2 black bears
  6 ice beasts
  4 phantoms
  An eye of draining (D:12)
  9 wolves
  37 centaurs
  2 necrophages
  13 ogres
  8 crocodiles
  3 big kobolds
  15 bullfrogs
  A wyvern zombie (Ossuary)
  A wyvern skeleton (D:12)
  2 scorpions
  11 killer bees (D:12)
  19 wights
  3 electric eels
  3 howler monkeys
  6 centaur zombies
  5 bullfrog zombies
  5 crimson imps
  5 jellies
  A quasit (D:14)
  5 hounds
  2 bullfrog skeletons
  2 centaur skeletons
  17 orc priests
  36 orc wizards
  4 iguanas
  Terence (D:3)
  10 worker ants
  A killer bee zombie (Ossuary)
  A hound skeleton (D:4)
  A hound zombie (Ossuary)
  10 mummies (Ossuary)
  7 worker ant zombies
  8 gnolls
  9 adders
  10 shadow imps
  14 white imps
  5 adder zombies (Ossuary)
  4 worms
  A dart slug (D:2)
  9 leopard geckos
  103 orcs
  9 bats
  5 giant cockroaches
  10 goblins
  7 hobgoblins
  12 jackals
  3 quokkas
  3 ball pythons
  A ball python skeleton (D:5)
  6 frilled lizards
  A giant cockroach zombie (Ossuary)
  28 kobolds
  A leopard gecko zombie (D:5)
  A quokka skeleton (D:6)
  5 rats
  A fungus (Lair:1)
  9 plants
1020 creatures vanquished.

Vanquished Creatures (others)
  4 humans (Lair:6)
  A bush (D:7)
  6 fungi
  14 plants
  12 tentacles (Shoals:2)
  2 withered plants (Ossuary)
39 creatures vanquished.

Grand Total: 1059 creatures vanquished

Notes
Turn   | Place    | Note
-------+----------+-------------------------------------------
     0 | D:1      | nikopol the Deep Elf Fire Elementalist began the quest for
                  | the Orb.
     0 | D:1      | Reached XP level 1. HP: 10/10 MP: 6/6
   133 | D:1      | Reached XP level 2. HP: 15/15 MP: 6/8
   850 | D:2      | Reached XP level 3. HP: 19/19 MP: 7/10
   854 | D:2      | Learned a level 2 spell: Throw Flame
   858 | D:2      | Learned a level 3 spell: Conjure Flame
  1499 | D:3      | Reached skill level 4 in Spellcasting
  1499 | D:3      | Reached XP level 4. HP: 5/24 MP: 12/12
  1737 | D:3      | Learned a level 4 spell: Sticky Flame
  2126 | D:3      | Noticed Terence
  2188 | D:3      | Killed Terence
  2646 | D:3      | Reached XP level 5. HP: 14/28 MP: 13/13
  2952 | D:3      | Found a sparkling altar of Nemelex Xobeh.
  3651 | D:4      | Found an opulent altar of Gozag.
  3910 | D:5      | Entered Level 5 of the Dungeon
  3934 | D:5      | Reached skill level 5 in Fire Magic
  3940 | D:5      | Reached skill level 5 in Spellcasting
  3956 | D:5      | Found a shattered altar of Ashenzari.
  4037 | D:5      | Noticed a phantom
  4039 | D:5      | Reached XP level 6. HP: 33/33 MP: 15/15
  4525 | D:5      | Learned a level 5 spell: Fireball
  4619 | D:6      | Reached XP level 7. HP: 37/37 MP: 17/17
  4807 | D:6      | Reached skill level 1 in Fighting
  4807 | D:6      | Reached skill level 6 in Spellcasting
  5764 | D:7      | Found a staircase to the Ecumenical Temple.
  5807 | Temple   | Entered the Ecumenical Temple
  5830 | Temple   | Became a worshipper of Vehumet
  5892 | D:7      | Reached skill level 5 in Conjurations
  5898 | D:7      | Found a sand-covered staircase.
  5905 | Ossuary  | Entered an ossuary
  5925 | Ossuary  | Reached XP level 8. HP: 18/43 MP: 12/20
  5954 | Ossuary  | Reached skill level 7 in Spellcasting
  6352 | Ossuary  | Reached * piety under Vehumet
  6352 | Ossuary  | Offered knowledge of Freeze by Vehumet.
  6982 | D:7      | Found an iron altar of Okawaru.
  6991 | D:7      | Reached skill level 8 in Spellcasting
  7226 | D:7      | Reached XP level 9. HP: 33/48 MP: 23/23
  7348 | D:7      | Reached ** piety under Vehumet
  7349 | D:7      | Offered knowledge of Sting by Vehumet.
  7501 | D:7      | Reached skill level 1 in Shields
  7505 | D:7      | Reached skill level 9 in Spellcasting
  8282 | D:8      | Found a staircase to the Lair.
  8282 | D:8      | Noticed an elephant
  8298 | D:8      | Killed an elephant
  8493 | D:8      | Reached skill level 10 in Spellcasting
  8679 | D:8      | Reached XP level 10. HP: 53/53 MP: 19/26
  8746 | D:8      | Learned a level 2 spell: Blink
  8748 | D:8      | Learned a level 1 spell: Magic Dart
  8999 | D:8      | Found a blossoming altar of Fedhas.
  8999 | D:8      | Found a burning altar of Makhleb.
  9221 | Lair:1   | Entered Level 1 of the Lair of Beasts
  9256 | Lair:1   | Noticed a spiny frog
  9319 | Lair:1   | Killed a spiny frog
  9339 | Lair:1   | Noticed an eight-headed hydra
  9424 | Lair:1   | Noticed a spiny frog
  9433 | Lair:1   | Killed a spiny frog
  9433 | Lair:1   | Offered knowledge of Ignite Poison by Vehumet.
  9731 | Lair:1   | Noticed a spiny frog
  9739 | Lair:1   | Killed a spiny frog
  9885 | Lair:1   | Reached skill level 11 in Spellcasting
 10046 | Lair:1   | Killed an eight-headed hydra
 10046 | Lair:1   | Reached skill level 10 in Fire Magic
 10151 | Lair:1   | Noticed a spiny frog
 10159 | Lair:1   | Killed a spiny frog
 10639 | Lair:2   | Noticed Erica
 10644 | Lair:2   | Killed Erica
 10644 | Lair:2   | Reached skill level 12 in Spellcasting
 10782 | Lair:2   | Reached XP level 11. HP: 57/57 MP: 29/29
 10787 | Lair:2   | Reached skill level 5 in Stealth
 10939 | Lair:2   | Reached *** piety under Vehumet
 11769 | Lair:3   | Found a frozen archway.
 11776 | Lair:3   | Offered knowledge of Force Lance by Vehumet.
 11852 | IceCv    | Entered an ice cave
 11852 | IceCv    | Noticed a white ugly thing
 12399 | Lair:3   | Reached skill level 5 in Dodging
 12399 | Lair:3   | Reached skill level 13 in Spellcasting
 12406 | Lair:3   | Reached **** piety under Vehumet
 12509 | Lair:3   | Found a runed translucent gate.
 12510 | Lair:3   | Found a runed translucent gate.
 12514 | Lair:3   | Found a runed translucent gate.
 12514 | Lair:3   | Noticed Xol Empe's ghost (journeyman DsFi)
 12676 | Lair:3   | Reached skill level 10 in Conjurations
 12695 | Lair:3   | Found a hole to the Spider Nest.
 12935 | Lair:4   | Offered knowledge of Iskenderun's Mystic Blast by Vehumet.
 13280 | Lair:4   | Reached skill level 1 in Translocations
 13417 | Lair:4   | Found a staircase to the Shoals.
 14193 | Lair:5   | Reached XP level 12. HP: 62/62 MP: 31/31
 14265 | Lair:5   | Noticed a six-headed hydra
 14268 | Lair:5   | Killed a six-headed hydra
 14765 | Lair:5   | Reached skill level 14 in Spellcasting
 14939 | Lair:5   | Found a stormy altar of Qazlal.
 15056 | Lair:5   | Noticed a four-headed hydra
 15064 | Lair:5   | Killed a four-headed hydra
 15276 | Lair:5   | Found a runed translucent door.
 15279 | Lair:5   | Noticed an acid blob
 15280 | Lair:5   | Found a viscous altar of Jiyva.
 15281 | Lair:5   | Found a staircase to the Slime Pits.
 15281 | Lair:5   | Noticed an acid blob
 15502 | Lair:6   | Entered Level 6 of the Lair of Beasts
 15502 | Lair:6   | Noticed a catoblepas
 15609 | Lair:6   | Noticed Kirke
 15701 | Lair:6   | Killed Kirke
 15971 | Lair:6   | Reached ***** piety under Vehumet
 15980 | Lair:6   | Offered knowledge of Irradiate by Vehumet.
 16146 | Lair:6   | Killed a catoblepas
 16610 | Lair:6   | Reached skill level 15 in Spellcasting
 17046 | Lair:6   | Noticed a death yak
 17046 | Lair:6   | Noticed a death yak
 17046 | Lair:6   | Noticed a death yak
 17050 | Lair:6   | Noticed a catoblepas
 17052 | Lair:6   | Noticed a death yak
 17347 | Lair:6   | Noticed a death yak
 17356 | Lair:6   | Noticed a death yak
 17359 | Lair:6   | Killed a death yak
 17364 | Lair:6   | Killed a death yak
 17364 | Lair:6   | Reached XP level 13. HP: 27/68 MP: 34/34
 17838 | Lair:6   | Upgraded the game from 0.24-a0-368-g0e0cebd0f3 to
                  | 0.24-a0-381-g637bb3806f
 17965 | Lair:6   | Reached skill level 1 in Evocations
 19080 | D:10     | Entered Level 10 of the Dungeon
 19559 | D:10     | Found a shimmering altar of Xom.
 19587 | D:10     | Reached skill level 16 in Spellcasting
 19623 | D:10     | Offered knowledge of Bolt of Magma by Vehumet.
 19642 | D:10     | Learned a level 5 spell: Bolt of Magma
 19714 | D:10     | Reached skill level 1 in Armour
 20169 | D:11     | Found a runed translucent door.
 20303 | D:11     | Found Raaqahirph's Distillery.
 20305 | D:11     | Bought a potion of haste for 150 gold pieces
 20483 | D:11     | Found a transporter.
 20483 | D:11     | Noticed conein's ghost (journeyman DEIE)
 20484 | D:11     | Found a transporter.
 20582 | D:11     | Found a burning altar of Makhleb.
 20582 | D:11     | Noticed a balrug
 20711 | D:12     | Found a flagged portal.
 20830 | Bailey   | Entered a bailey
 20897 | Bailey   | Noticed an orc warlord
 21056 | Bailey   | Found a runed translucent gate.
 21058 | Bailey   | Found a runed translucent gate.
 21065 | Bailey   | Found a runed translucent gate.
 21286 | Bailey   | Killed an orc warlord
 22107 | D:12     | Found a staircase to the Orcish Mines.
 22299 | D:12     | Reached ****** piety under Vehumet
 22414 | D:12     | Offered knowledge of Bolt of Draining by Vehumet.
 22935 | D:12     | Found a shadowy altar of Dithmenos.
 23307 | Orc:1    | Entered Level 1 of the Orcish Mines
 23314 | D:12     | Reached XP level 14. HP: 72/72 MP: 36/36
 23560 | Orc:1    | Reached skill level 1 in Earth Magic
 23560 | Orc:1    | Noticed Gastronok
 23651 | Orc:1    | Killed Gastronok
 24187 | Orc:2    | Entered Level 2 of the Orcish Mines
 24319 | Orc:2    | Found a runed translucent door.
 24532 | Orc:2    | Found a shimmering altar of Xom.
 24532 | Orc:2    | Noticed PeterLawrence's ghost (journeyman MiFi)
 24838 | Orc:2    | Offered knowledge of Bolt of Fire by Vehumet.
 24843 | Orc:2    | Paralysed by an orc sorcerer for 4 turns
 24848 | Orc:2    | Reached skill level 5 in Evocations
 24890 | Orc:2    | Found a staircase to the Elven Halls.
 25357 | Orc:2    | Found Tohuont's Distillery.
 25563 | Orc:2    | Learned a level 6 spell: Bolt of Fire
 25582 | Orc:2    | Found Couheg's Book Shop.
 25660 | Orc:2    | Found an ancient bone altar of Kikubaaqudgha.
 25734 | Orc:2    | Found Ruchun Icze's Antique Weapon Shop.
 25813 | Orc:2    | Noticed Erolcha
 25814 | Orc:2    | Found a roughly hewn altar of Beogh.
 25814 | Orc:2    | Found Goatrum's Antique Weapon Boutique.
 25820 | Orc:2    | Killed Erolcha
 25986 | Orc:2    | Found a radiant altar of Vehumet.
 26204 | Orc:2    | Bought a book of Fire for 975 gold pieces
 26214 | Orc:2    | Learned a level 8 spell: Ignition
 26215 | Orc:2    | Bought a book of Power for 675 gold pieces
 26222 | Orc:2    | Learned a level 6 spell: Iron Shot
 26659 | D:13     | Reached skill level 17 in Spellcasting
 27083 | D:13     | Offered knowledge of Freezing Cloud by Vehumet.
 28995 | D:14     | Found Sefoq's General Store.
 29674 | D:14     | Offered knowledge of Bolt of Cold by Vehumet.
 29683 | D:14     | Learned a level 6 spell: Bolt of Cold
 29960 | D:14     | Found a gate to the Vaults.
 30080 | D:14     | Reached XP level 15. HP: 77/77 MP: 38/38
 30081 | D:14     | Reached skill level 18 in Spellcasting
 30081 | D:14     | Reached skill level 15 in Conjurations
 30081 | D:14     | Reached XP level 16. HP: 82/82 MP: 40/40
 30082 | D:14     | Reached skill level 15 in Fire Magic
 30082 | D:14     | Reached XP level 17. HP: 86/86 MP: 41/41
 30276 | D:15     | Entered Level 15 of the Dungeon
 30308 | D:15     | Found a gate leading to a gauntlet.
 30332 | Gauntlet | Entered a Gauntlet
 30332 | Gauntlet | Found a transporter.
 30332 | Gauntlet | Found a transporter.
 30332 | Gauntlet | Found a transporter.
 30333 | Gauntlet | Found a transporter.
 30335 | Gauntlet | Found a transporter.
 30337 | Gauntlet | Found a transporter.
 30368 | Gauntlet | Found the -2 hat of the Alchemist {rElec rPois rF+ rC+ rN+
                  | MR+ rMut rCorr}
 30378 | Gauntlet | Found a transporter.
 30389 | Gauntlet | Found the ring of Robustness {AC+8}
 30390 | Gauntlet | Found a transporter.
 30407 | Gauntlet | Found a transporter.
 30411 | Gauntlet | Found a transporter.
 30414 | Gauntlet | Found a transporter.
 30416 | Gauntlet | Found a transporter.
 30964 | Gauntlet | Identified the +2 ring mail of Urush {rElec rPois rC++ MR-
                  | Regen+}
 31049 | Gauntlet | Got a transparent pewter ring
 31063 | D:15     | Identified the ring "Ohuolec" {rN+ Dex+4 Stlth+} (You found
                  | it in a Gauntlet)
 31077 | D:15     | Upgraded the game from 0.24-a0-381-g637bb3806f to
                  | 0.24-a0-397-g73b976d855
 31274 | D:15     | Offered knowledge of Poison Arrow by Vehumet.
 31489 | D:15     | Reached skill level 5 in Shields
 31521 | D:15     | Reached skill level 19 in Spellcasting
 31696 | D:15     | Found a staircase to the Depths.
 31767 | D:15     | Found Damowo Mesa's Antique Weapon Boutique.
 32198 | D:15     | Found Yfoig's Demolitions Depot.
 33094 | Shoals:1 | Entered Level 1 of the Shoals
 33157 | Shoals:1 | Found a runed translucent gate.
 33157 | Shoals:1 | Found a runed translucent gate.
 33157 | Shoals:1 | Found a runed translucent gate.
 33158 | Shoals:1 | Noticed Qupu's ghost (journeyman TeSu)
 33877 | Shoals:2 | Offered knowledge of Lehudib's Crystal Spear by Vehumet.
 33877 | Shoals:2 | Offered knowledge of Glaciate by Vehumet.
 33877 | Shoals:2 | Offered knowledge of Tornado by Vehumet.
 34155 | Shoals:2 | Reached skill level 5 in Armour
 34184 | Shoals:2 | Noticed Ilsuiw
 34190 | Shoals:2 | Killed Ilsuiw
 34508 | Shoals:2 | Noticed a kraken
 34510 | Shoals:2 | Noticed a kraken
 34524 | Shoals:2 | Killed a kraken
 35305 | Shoals:3 | Reached skill level 20 in Spellcasting
 35816 | Shoals:3 | Reached XP level 18. HP: 91/91 MP: 44/44
 36305 | Shoals:4 | Entered Level 4 of the Shoals
 37020 | Shoals:4 | Got a barnacled rune of Zot
 37910 | Vaults:1 | Entered Level 1 of the Vaults
 37932 | Vaults:1 | Reached skill level 21 in Spellcasting
 38719 | Vaults:1 | Noticed Saint Roka
 38737 | Vaults:1 | Killed Saint Roka
 39937 | Vaults:2 | Noticed Bai Suzhen
 39945 | Vaults:2 | HP: 3/92 [stone wall collision (32)]
 39951 | Vaults:2 | Killed from afar by Bai Suzhen

Levels and vault maps discovered:
D:1:      enne_arrival_octagon_isle, layout_rooms, minmay_misc_feat_rows,
          roderic_serpentine_path
D:2:      layout_basic, minivault_11
D:3:      layout_basic, nemelex_spade_bored_becter, uniq_terence
D:4:      layout_loops_ring, lemuel_doored_altar
D:5:      layout_loops_ring, serial_glass, glass_columns_a, glass_columns_c,
          glass_columns_a, glass_columns_a, glass_columns_b, glass_columns_b,
          first_ration, minmay_misc_feat_tiny, ashenzari_altar_1
D:6:      layout_basic
D:7:      layout_loops_ring, okawaru_gym_becter,
          minmay_temple_entry_stoned_glass, nicolae_ossuary_entry_monument,
          grunt_livestock, kb_lookout_dungeons_type, kennysheep_path_1
D:8:      layout_loops_ring, minitemple, david_lair_generic
D:9:      layout_irregular_city
D:10:     layout_grid_maze, basic_altar
D:11:     cheibrodos_shockbox, layout_basic, serial_shops, nicolae_shop_trees,
          gammafunk_ghost_arena, makhleb_altar_promises_db
D:12:     layout_stronghold, erik_orc_4, enter_bailey_2, lemuel_centaur_altar
D:13:     lemuel_castle_with_subvaults [lemuel_castle_interior_carwin_3],
          layout_irregular_city
D:14:     layout_irregular_city, david_vaults_4, minmay_misc_feat_rugged,
          serial_shops, nicolae_shop_temple_entry_statues_fountains,
          hangedman_decor_points
D:15:     grunt_enter_depths_magical_seal, layout_basic, gauntlet_entry_generic,
          serial_shops, nicolae_shop_overgrown_old_shop,
          hangedman_decor_opposing, nicolae_blasting_shop
Temple:   hc_temple_tempest_star
Lair:1:   layout_regular_city, serial_bayou_lake_a, grunt_megastairs_4,
          lemuel_fruit_fields
Lair:2:   layout_cave_pods, serial_bayou_shore_b, uniq_erica
Lair:3:   layout_cave_shapes, nicolae_spider_entry_tight_spaces,
          portal_ice_cave_entry_imps, gammafunk_ghost_necromancy
Lair:4:   layout_cave_pods, shoals_dummy_entry
Lair:5:   layout_concentric_octagons, slime_altar_2, lemuel_oklob_altar
Lair:6:   grunt_lair_end_beastmaster, layout_regular_city, grunt_megastairs_3,
          uniq_kirke
Shoals:1: layout_shoals, gammafunk_ghost_tricky_traps
Shoals:2: layout_shoals, nicolae_shoals_isolated_beach, uniq_ilsuiw
Shoals:3: layout_shoals
Shoals:4: shoals_end_simple, layout_shoals
Orc:1:    layout_caves, mines_bat_river, uniq_gastronok
Orc:2:    kennysheep_orc_mage_school, layout_diamond_mine, ebering_ghost_xom,
          statue_in_the_mist_lemuel
Vaults:1: nicolae_vaults_circle_grid_b, ontoclasm_vaults_ring_square,
          vaults_room_corners, nicolae_vaults_little_squares_5,
          hangedman_vaults_trim, hangedman_vaults_impose,
          nicolae_vaults_ring_of_whatevers, vaults_dpeg_encased_lava, v_misc_9,
          ontoclasm_vaults_decontamination, v_misc_16, layout_vaults_big_room,
          uniq_saint_roka
Vaults:2: nicolae_vaults_yaktaur_gun_rack, minmay_crypt_entry_vampire_xt,
          v_misc_4, v_pattern_3, vaults_mumra_chevron_long,
          nicolae_vaults_mini_display_case, nicolae_vaults_holding_cells,
          layout_vaults_omnicross, enter_trove_6, uniq_bai_suzhen, uniq_mara

Skill      XL: |  1  2  3  4  5  6  7  8  9 10 11 12 13 14 15 16 17 18 |
---------------+-------------------------------------------------------+-----
Fire Magic     | 4 5 6 8 9 10 11 12 13 14 15 16 17 | 17.8
Spellcasting   | 4 5 6 8 10 12 13 15 16 17 18 20 21 | 21.9
Conjurations   | 2 3 4 5 6 7 9 10 12 13 14 15 16 | 16.8
Stealth        | 3 4 5 6 |  6.3
Dodging        | 3 4 5 6 |  6.9
Fighting       | 1 2 3 |  3.0
Shields        | 2 4 5 |  5.2
Translocations | 1 |  1.5
Evocations     | 4 6 |  6.2
Armour         | 2 4 5 6 |  6.8
Earth Magic    | 2 3 |  3.5

Action                   |  1- 3 |  4- 6 |  7- 9 | 10-12 | 13-15 | 16-18 || total
-------------------------+-------+-------+-------+-------+-------+-------++-------
Melee: Unarmed           |       |     1 |       |       |       |       ||     1
 Cast: Flame Tongue      |    66 |   111 |   187 |   210 |   417 |    65 ||  1056
       Conjure Flame     |       |     3 |     6 |     5 |     8 |     1 ||    23
       Sticky Flame      |       |     8 |    32 |    72 |    59 |    14 ||   185
       Throw Flame       |       |       |     8 |    27 |    57 |     8 ||   100
       Fireball          |       |       |     7 |    81 |   188 |   152 ||   428
       Blink             |       |       |       |     4 |     3 |       ||     7
       Magic Dart        |       |       |       |       |    17 |       ||    17
       Bolt of Magma     |       |       |       |       |    19 |       ||    19
       Bolt of Fire      |       |       |       |       |    45 |    95 ||   140
       Iron Shot         |       |       |       |       |    26 |    32 ||    58
       Ignition          |       |       |       |       |     9 |    84 ||    93
       Bolt of Cold      |       |       |       |       |       |     3 ||     3
Evoke: Wand              |       |       |     2 |       |       |       ||     2
  Use: Scroll            |       |       |     8 |    11 |    10 |     7 ||    36
       Potion            |       |       |     2 |     2 |     3 |     4 ||    11
  Eat: Chunk             |     2 |    10 |     9 |    24 |    36 |    62 ||   143
       Ration            |       |       |     2 |     2 |     1 |     2 ||     7
Armor: Robe              |    11 |     1 |    12 |    12 |     9 |    30 ||    75
Dodge: Dodged            |    14 |    16 |    63 |    79 |    61 |    74 ||   307
Block: Buckler           |       |       |     9 |    37 |    35 |    25 ||   106

Table legend:
 A = Non-vault XP
 B = Vault XP
 C = Vault XP percentage of total XP
 D = Non-vault monster count
 E = Vault monster count
 F = Vault count percentage of total count
                 A         B        C        D         E       F
            +---------+---------+-------+---------+---------+-------
      Total |  164150 |   90837 |  35.6 |     680 |     330 |  32.7
            +---------+---------+-------+---------+---------+-------
        D:1 |      30 |       0 |   0.0 |      17 |       0 |   0.0
        D:2 |      37 |       0 |   0.0 |      17 |       0 |   0.0
        D:3 |      99 |      36 |  26.7 |      25 |       1 |   3.8
        D:4 |     105 |       0 |   0.0 |       9 |       0 |   0.0
        D:5 |     385 |       0 |   0.0 |      16 |       0 |   0.0
        D:6 |     243 |       0 |   0.0 |       7 |       0 |   0.0
        D:7 |    1445 |    1101 |  43.2 |      30 |       6 |  16.7
        D:8 |     381 |    1038 |  73.2 |       8 |       4 |  33.3
        D:9 |     982 |       0 |   0.0 |       9 |       0 |   0.0
       D:10 |    3563 |       0 |   0.0 |      37 |       0 |   0.0
       D:11 |     656 |       0 |   0.0 |      12 |       0 |   0.0
       D:12 |   11962 |     934 |   7.2 |      69 |      19 |  21.6
       D:13 |    4067 |    4397 |  51.9 |      23 |      51 |  68.9
       D:14 |   14459 |    2653 |  15.5 |      54 |       4 |   6.9
       D:15 |   11850 |    7202 |  37.8 |      35 |      12 |  25.5
     Lair:1 |    3703 |     105 |   2.8 |      14 |       1 |   6.7
     Lair:2 |    2490 |     907 |  26.7 |      12 |       1 |   7.7
     Lair:3 |    1397 |    2139 |  60.5 |      10 |      21 |  67.7
     Lair:4 |    5227 |       0 |   0.0 |      22 |       0 |   0.0
     Lair:5 |    4933 |     550 |  10.0 |      13 |       1 |   7.1
     Lair:6 |    3537 |   13910 |  79.7 |      16 |      24 |  60.0
   Shoals:1 |    9878 |       0 |   0.0 |      19 |       0 |   0.0
   Shoals:2 |   20086 |    6459 |  24.3 |      36 |       7 |  16.3
   Shoals:3 |   17470 |       0 |   0.0 |      34 |       0 |   0.0
   Shoals:4 |   14467 |   19504 |  57.4 |      29 |      32 |  52.5
      Orc:1 |    2447 |    2047 |  45.5 |      30 |       6 |  16.7
      Orc:2 |    1566 |    7014 |  81.7 |      28 |      34 |  54.8
   Vaults:1 |   25458 |   13347 |  34.4 |      45 |      32 |  41.6
   Vaults:2 |    1227 |     377 |  23.5 |       4 |       1 |  20.0
    Ossuary |       0 |     832 | 100.0 |       0 |      32 | 100.0
     Bailey |       0 |    1973 | 100.0 |       0 |      27 | 100.0
   Gauntlet |       0 |    4312 | 100.0 |       0 |      14 | 100.0
            +---------+---------+-------+---------+---------+-------
